 Dungeon Crawl Stone Soup version 0.28-a0-465-ge2dae52223 (webtiles) character file.

Game seed: 650752592478696719

8766 omnomnOMINOUS the Summoner (level 11, -1/75 HPs)
             Began as an Octopode Wanderer on Sept 15, 2021.
             Was the Champion of Cheibriados.
             Slain by a freezing wraith (14 damage)
             ... led by a death knight
             ... on level 13 of the Dungeon.
             The game lasted 00:35:53 (13181 turns).

omnomnOMINOUS the Summoner (Octopode Wanderer)     Turns: 13181, Time: 00:35:54

Health: -1/75      AC:  1    Str: 27    XL:     11   Next: 36%
Magic:  10/14      EV: 19    Int: 34    God:    Cheibriados [******]
Gold:   609        SH:  7    Dex: 25    Spells: 4/14 levels left

rFire   + . .      SeeInvis +   a - +2 trident (freeze)
rCold   . . .      Faith    +   t - +1 buckler
rNeg    . . .      Spirit   .   (helmet restricted)
rPois   .          Reflect  .   d - amulet of faith
rElec   .          Harm     .   e - ring of willpower
rCorr   .          Rampage  .   o - ring of see invisible
Will    +....                   J - ring of protection from fire
Stlth   ++++......              i - ring of flight
HPRegen 0.22/turn               (no ring)
MPRegen 0.14/turn               (no ring)
                                (no ring)
                                (no ring)

@: flying, slowed, very slow
A: almost no armour, amphibious, 8 rings, camouflage 1, gelatinous body 1,
(nimble swimmer 1), tentacles
a: Renounce Religion, Bend Time, Temporal Distortion, Slouch, Step From Time


You were on level 13 of the Dungeon.
You worshipped Cheibriados.
Cheibriados was exalted by your worship.
You visited 1 branch of the dungeon, and saw 11 of its levels.
You also visited: Ossuary.

You collected 654 gold pieces.
You spent 45 gold pieces at shops.

Inventory:

Hand Weapons
 a - a +2 trident of freezing (weapon)
 b - the +6 hand axe "Pendulum" {vorpal, rF+ rC+ Str+3 Dex+3}
   (You took it off a gnoll on level 6 of the Dungeon)

   It inflicts extra damage upon your enemies.
   Str:       It affects your strength (+3).
   Dex:       It affects your dexterity (+3).
   rF:        It protects you from fire.
   rC:        It protects you from cold.
 c - a +5 halberd
Missiles
 A - a throwing net (quivered)
 L - 8 atropa-tipped darts
Armour
 t - a +1 buckler (worn)
Magical Staves
 E - a staff of air
Jewellery
 d - an amulet of faith (around mantle)
 e - a ring of willpower (left tentacle)
 i - a ring of flight (on tentacle)
 o - a ring of see invisible (right tentacle)
 J - a ring of protection from fire (on tentacle)
Wands
 p - a wand of digging (5)
 s - a wand of polymorph (10)
 C - a wand of iceblast (9)
 F - a wand of flame (17)
 K - a wand of charming (7)
Scrolls
 h - 2 scrolls of enchant weapon
 j - 3 scrolls of teleportation
 k - 2 scrolls of fear
 n - a scroll of immolation {unknown}
 u - a scroll of magic mapping {unknown}
 y - a scroll of blinking {unknown}
 B - 2 scrolls of noise
 G - a scroll of amnesia {unknown}
 I - a scroll of vulnerability {unknown}
 M - a scroll of enchant armour
 N - a scroll of identify
Potions
 f - 2 potions of curing {unknown}
 g - a potion of mutation {unknown}
 l - 3 potions of resistance
 m - a potion of degeneration {unknown}
 q - a potion of cancellation {unknown}
 r - 3 potions of attraction {unknown}
 v - 2 potions of ambrosia {unknown}
 w - 2 potions of magic {unknown}
 x - a potion of berserk rage {unknown}
 z - 2 potions of flight {unknown}
 D - 2 potions of might {unknown}
 H - a potion of brilliance {unknown}


   Skills:
 + Level 7.4 Fighting
 - Level 1.0 Crossbows
 + Level 7.4 Dodging
 - Level 2.6 Stealth
 - Level 4.0 Shields
 - Level 2.0 Spellcasting
 * Level 7.2 Conjurations
 - Level 8.0 Summonings
 - Level 3.0 Translocations
 - Level 2.0 Fire Magic
 * Level 7.3 Earth Magic


You had 4 spell levels left.
You knew the following spells:

 Your Spells              Type           Power      Damage    Failure   Level
a - Call Canine Familiar  Summ           55%        N/A       1%          3
b - Passwall              Tmut/Erth      23%        N/A       1%          2
c - Stone Arrow           Conj/Erth      100%       3d13      1%          3
d - Blink                 Tloc           N/A        N/A       2%          2

Your spell library contained the following spells:

 Spells                   Type           Power      Damage    Failure   Level
 Foxfire                  Conj/Fire      100%       2x1d9     1%          1
 Sandblast                Erth           100%       2d20      1%          1
 Summon Small Mammal      Summ           100%       N/A       1%          1
 Conjure Flame            Conj/Fire      34%        6-21      2%          3
 Animate Skeleton         Necr           6%         N/A       6%          1
 Pain                     Necr           12%        1d4       6%          1
 Sting                    Tmut/Pois      12%        1d3       6%          1
 Poisonous Vapours        Pois/Air       6%         N/A       9%          2
 Sticky Flame             Conj/Fire      34%        2d5       9%          4
 Inner Flame              Hex/Fire       10%        N/A       12%         3
 Ignite Poison            Fire/Tmut/Pois 8%         N/A       14%         3
 Vampiric Draining        Necr           1%         2d6       19%         3
 Olgreb's Toxic Radiance  Pois           3%         N/A       52%         4
 Manifold Assault         Tloc           23%        N/A       43%         5
 Storm Form               Tmut/Air       1%         N/A       100%        7
 Lehudib's Crystal Spear  Conj/Erth      26%        10d7      100%        8
 Animate Armour           Summ/Erth      Unusable   N/A       N/A         4

Dungeon Overview and Level Annotations

Branches:
Dungeon (10/15)            Temple (0/1) D:6         Ossuary (visited)
   Lair: D:8-11         Orc: D:9-12

Altars:
Ashenzari
Cheibriados
Gozag
Hepliaklqana
Wu Jian
Zin

Shops:
D:4 [

Annotations:
D:8 exclusions: manticore and meliai


Innate Abilities, Weirdness & Mutations

You cannot wear most types of armour.
You are amphibious.
You can wear up to eight rings at the same time.
Your skin changes colour to match your surroundings (Stealth+).
Your rubbery body absorbs attacks. (AC +1, EV +1)
((You are camouflaged near water. (Stealth+)))
You have tentacles for arms and can constrict up to eight enemies at once.


Message History

Unknown command.
Okay, then.
You now have 609 gold pieces (gained 17).
A freezing wraith comes into view.
Found a scroll of identify.
The freezing wraith moves out of view.
A wraith comes into view.
Your +2 trident of freezing glows with a cold blue light!
a - a +2 trident of freezing (weapon)
Casting: Stone Arrow (safe; 1% risk of failure)
Confirm with . or Enter, or press ? or * to list all spells.
You swap places.
A freezing wraith comes into view.
The wraith hits you! The wraith drains your vigour!
You feel yourself slow down.
You see here a scroll of identify.
N - a scroll of identify You block the freezing wraith's attack.
The freezing wraith hits you!
Unknown command.
Unknown command.
You swap places.
Your wolf closely misses the freezing wraith.
Your wolf bites the freezing wraith but does no damage.
The freezing wraith hits your wolf! The freezing wraith freezes your wolf!
The freezing wraith closely misses your wolf.
Your wolf misses the freezing wraith. The freezing wraith hits your wolf.
Your wolf dies!
Your wolf's corpse disappears in a puff of smoke!
You puncture the freezing wraith!
The freezing wraith is lightly damaged.
The freezing wraith barely misses you. You block the freezing wraith's attack.
The freezing wraith completely misses you.
The freezing wraith misses you.
Okay, then.
Unknown command.
The flow of time bends around you.
The freezing wraith easily resists.
The freezing wraith hits you! The freezing wraith freezes you!!
You block the freezing wraith's attack. The freezing wraith hits you!
* * * LOW HITPOINT WARNING * * *
The freezing wraith freezes you!
You die...

####.#.......##
.................
####.##.#########
#.##..### #.......#
#####...# #......# #
#......########.##.##
#...........@WWW.....
#.......#######.##...
#######.# # #.# #..
##.# .# .. ..


You could see 2 freezing wraiths and a wraith.

Vanquished Creatures
  2 cyclopes (D:8)
  A manticore (D:8)
  An unseen horror (D:10)
  A tengu conjurer (D:8)
  2 slime creatures
  Sigmund (D:6)
  Menkaure (D:6)
  3 steam dragons
  A sky beast (D:5)
  2 orc warriors
  A black bear (D:6)
  2 centaurs
  A kobold brigand (D:8)
  An elf zombie (Ossuary)
  2 bullfrogs
  A scorpion (D:5)
  A wight (D:6)
  A vampire bat (D:3)
  3 electric eels (D:9)
  A bullfrog zombie (D:6)
  6 centaur zombies
  4 human zombies (Ossuary)
  4 hounds
  2 bullfrog skeletons
  A gnoll shaman (D:10)
  2 orc priests
  A centaur skeleton (D:5)
  An iguana (D:5)
  5 orc wizards
  A hound skeleton (D:4)
  3 mummies (Ossuary)
  A howler monkey zombie (D:8)
  5 adders
  13 gnolls
  A white imp (D:5)
  An ufetubus (D:5)
  2 adder zombies (Ossuary)
  A worm (D:4)
  5 dart slugs
  3 fire bats (D:3)
  13 orcs
  2 spectral bats (D:3)
  10 ball pythons
  A bat skeleton (D:3)
  A bat zombie (D:3)
  12 endoplasms
  2 giant cockroaches (D:1)
  8 goblins
  5 hobgoblins
  2 quokkas
  15 bats
  A bat simulacrum (D:3)
  2 frilled lizards
  A goblin zombie (Ossuary)
  2 hobgoblin zombies (Ossuary)
  2 jackal zombies (Ossuary)
  14 kobolds
  5 kobold zombies (Ossuary)
  5 orc zombies (Ossuary)
  2 quokka zombies (Ossuary)
  8 rats
  3 rat zombies (Ossuary)
207 creatures vanquished.

Vanquished Creatures (collateral kills)
  An ogre mage (D:10)
  A tengu conjurer (D:8)
  A yak (D:10)
  Eustachio (D:4)
  An acid dragon (D:8)
  2 ice beasts (D:6)
  4 black bears
  An orc warrior (D:8)
  An ogre (D:6)
  A centaur (D:10)
  A kobold brigand (D:7)
  3 bullfrogs
  2 wights (D:6)
  2 electric eels (D:9)
  3 orc priests
  3 gnoll shamans
  2 orc wizards
  12 gnolls
  A shadow imp (D:6)
  7 orcs
  2 bat skeletons (D:3)
  3 kobolds
  2 ball pythons
  A bat (D:3)
  A gnoll zombie (Ossuary)
  2 goblin zombies (Ossuary)
  2 hobgoblin zombies (Ossuary)
  A jackal zombie (D:4)
  A kobold zombie (Ossuary)
65 creatures vanquished.

Grand Total: 272 creatures vanquished

Notes
Turn   | Place    | Note
-------+----------+-------------------------------------------
     0 | D:1      | omnomnOMINOUS the Octopode Wanderer began the quest for the
                  | Orb.
     0 | D:1      | omnomnOMINOUS set off with the following items: a +2
                  | dagger, a potion of haste; and the following spells
                  | available to memorise: Foxfire, Summon Small Mammal, Inner
                  | Flame, Call Canine Familiar
     0 | D:1      | Reached XP level 1. HP: 14/14 MP: 1/1
    59 | D:1      | Reached skill level 1 in Dodging
   289 | D:1      | Reached XP level 2. HP: 19/19 MP: 2/2
   895 | D:1      | Reached XP level 3. HP: 24/24 MP: 2/4
  1288 | D:2      | Reached skill level 1 in Spellcasting
  1544 | D:2      | Reached XP level 4. HP: 30/30 MP: 4/6
  1638 | D:2      | Learned a level 3 spell: Call Canine Familiar
  2283 | D:2      | Found a faded altar of an unknown god.
  2288 | D:2      | Became a worshipper of Cheibriados the Contemplative
  2288 | D:2      | Reached * piety under Cheibriados
  2764 | D:3      | Reached XP level 5. HP: 22/35 MP: 8/8
  2881 | D:3      | Found an opulent altar of Gozag.
  2884 | D:3      | Found a hazy altar of Hepliaklqana.
  2952 | D:3      | Reached skill level 1 in Summonings
  2956 | D:3      | HP: 1/35 [orc priest/divine providence (14)]
  3269 | D:3      | Reached ** piety under Cheibriados
  3300 | D:3      | Found a glowing silver altar of Zin.
  3302 | D:3      | Found a broken altar of Ashenzari.
  3501 | D:3      | Reached skill level 2 in Summonings
  3612 | D:3      | Reached XP level 6. HP: 41/42 MP: 9/9
  3674 | D:3      | Reached *** piety under Cheibriados
  3992 | D:4      | Noticed Eustachio
  4006 | D:4      | Killed Eustachio
  4007 | D:4      | Reached skill level 3 in Summonings
  4007 | D:4      | Reached XP level 7. HP: 35/47 MP: 7/10
  4152 | D:4      | Found Nauthree's Armour Shoppe.
  4159 | D:4      | Bought a +0 buckler for 45 gold pieces
  4361 | D:4      | Found a sand-covered staircase.
  4367 | Ossuary  | Entered an ossuary
  4447 | Ossuary  | Reached **** piety under Cheibriados
  4514 | Ossuary  | Reached skill level 1 in Shields
  4514 | Ossuary  | Reached skill level 4 in Summonings
  5085 | D:4      | Reached ***** piety under Cheibriados
  5363 | D:5      | Entered Level 5 of the Dungeon
  5403 | D:5      | Reached XP level 8. HP: 49/54 MP: 11/11
  5454 | D:5      | Reached skill level 5 in Summonings
  5887 | D:5      | Reached skill level 5 in Fighting
  5887 | D:5      | Reached skill level 5 in Dodging
  5887 | D:5      | Reached skill level 6 in Summonings
  6337 | D:5      | Learned a level 2 spell: Passwall
  6346 | D:5      | Learned a level 3 spell: Stone Arrow
  6578 | D:6      | Found a staircase to the Ecumenical Temple.
  6593 | D:6      | Reached XP level 9. HP: 55/61 MP: 4/12
  6658 | D:6      | Noticed Sigmund
  6662 | D:6      | Reached skill level 1 in Conjurations
  6662 | D:6      | Reached skill level 1 in Earth Magic
  6663 | D:6      | Killed Sigmund
  6897 | D:6      | Noticed Menkaure
  6910 | D:6      | Killed Menkaure
  7461 | D:6      | Identified the +6 hand axe "Pendulum" {vorpal, rF+ rC+
                  | Str+3 Dex+3}
  7717 | D:6      | Reached skill level 7 in Summonings
  7964 | D:7      | Reached ****** piety under Cheibriados
  8494 | D:7      | Reached XP level 10. HP: 58/68 MP: 10/13
  9514 | D:8      | Reached skill level 5 in Earth Magic
  9598 | D:8      | Noticed a cyclops
  9609 | D:8      | Killed a cyclops
  9610 | D:8      | Reached skill level 5 in Conjurations
  9628 | D:8      | Noticed a manticore
  9646 | D:8      | Learned a level 2 spell: Blink
  9653 | D:8      | Noticed a manticore
  9661 | D:8      | Killed a manticore
  9890 | D:8      | Found a snail-covered altar of Cheibriados.
 10164 | D:8      | Found an ornate altar of the Wu Jian Council.
 10579 | D:8      | Noticed a cyclops
 10587 | D:8      | Killed a cyclops
 11725 | D:9      | Reached XP level 11. HP: 58/75 MP: 11/14
 11784 | D:9      | HP: 1/75 [electric eel/bolt of electricity (11)]
 12304 | D:10     | Entered Level 10 of the Dungeon
 12310 | D:10     | Reached skill level 8 in Summonings
 12722 | D:10     | Noticed an ogre mage
 12886 | D:10     | Killed an ogre mage
 13150 | D:10     | You are sucked into a shaft and drop 3 floors!
 13181 | D:13     | Slain by a freezing wraith

Illustrated notes

Levels and vault maps discovered:
D:1:      dpeg_arrival_erosion, layout_rooms, minivault_27, minmay_statues_item,
          chequers_serial_rivers_micro_c
D:2:      layout_basic, ebering_ecumenical_altar_hall
D:3:      layout_loops_corners, nicolae_overflow_hidden_temple,
          kennysheep_small_spiral, chequers_serial_rivers_micro_b,
          goddamned_bats
D:4:      layout_basic, enter_ossuary_3, serial_shops, nicolae_shop_crystal,
          uniq_eustachio
D:5:      layout_basic, chequers_serial_rivers_room_a, minmay_misc_feat_rugged
D:6:      layout_loops_corners, minmay_temple_entry_glass, uniq_menkaure,
          uniq_sigmund
D:7:      layout_basic, corexii_hall_statues_u
D:8:      minmay_tri_box, layout_cave_pods, kennysheep_mini_moat,
          old_standard_altar, serial_column_ruins, column_ruins_square_large,
          column_ruins_hut, column_ruins_open_small, column_ruins_columns_water,
          column_ruins_open_tiny, column_ruins_open_small
D:9:      layout_basic
D:10:     minmay_ornate_pinched, layout_loops_ring, minmay_door_square,
          minmay_st_funbox
D:13:     layout_basic, erik_vaults_1, fedhas_bush_and_centaur_altar

Skill      XL: |  1  2  3  4  5  6  7  8  9 10 11 |
---------------+----------------------------------+-----
Dodging        | 1 2 3 4 5 6 7 |  7.4
Spellcasting   | 1 2 |  2.0
Summonings     | 2 3 4 6 7 8 |  8.0
Fighting       | 3 4 5 6 7 |  7.4
Shields        | 1 3 4 |  4.0
Conjurations   | 4 6 7 |  7.2
Earth Magic    | 4 6 7 |  7.3
Crossbows      | |  1.0
Stealth        | |  2.6
Translocations | |  3.0
Fire Magic     | |  2.0

Action                   |  1- 3 |  4- 6 |  7- 9 | 10-12 || total
-------------------------+-------+-------+-------+-------++-------
Melee: Dagger            |    61 |    99 |   143 |       ||   303
       Constrict         |    11 |    24 |    50 |    14 ||    99
       Tentacles         |    12 |    16 |    63 |    29 ||   120
       Trident           |       |       |    27 |   126 ||   153
       Spear             |       |       |     7 |       ||     7
       Hand axe          |       |       |     3 |     7 ||    10
 Cast: Call Canine Famil |       |     6 |    25 |    22 ||    53
       Passwall          |       |       |     1 |       ||     1
       Stone Arrow       |       |       |     9 |    17 ||    26
       Blink             |       |       |       |     2 ||     2
Invok: Bend Time         |       |       |       |     1 ||     1
  Use: Potion            |       |     1 |       |     4 ||     5
       Scroll            |       |       |       |     7 ||     7
 Stab: Sleeping          |     6 |    14 |    26 |     8 ||    54
       Distracted        |     1 |       |     3 |     1 ||     5
Armor: Skin              |     6 |    19 |    13 |     4 ||    42
Dodge: Dodged            |    30 |    92 |   134 |    97 ||   353
Block: Buckler           |       |       |    23 |    35 ||    58

Table legend: (Time is in decaauts)
 A = Elapsed time spent in this place.
 B = Non-inter-level travel time spent in this place.
 C = Inter-level travel time spent in this place.
 D = Time resting spent in this place.
 E = Time spent auto-exploring this place.
 F = Levels seen in this place.
 G = Mean time per level.
                   A        B        C        D        E       F      G
               +--------+--------+--------+--------+--------+-----+--------+
         Total |  17980 |  17383 |    597 |   3023 |  11662 |  12 | 1498.3 |
       Dungeon |  17234 |  16637 |    597 |   2795 |  11375 |  11 | 1566.7 |
       Ossuary |    746 |    746 |      0 |    228 |    286 |   1 |  746.0 |
               +--------+--------+--------+--------+--------+-----+--------+

Top non-repeatable levels by time:
     D:8: 2472 daAuts
     D:9: 2146 daAuts
     D:6: 2137 daAuts
     D:3: 2126 daAuts
     D:7: 2047 daAuts
     D:5: 1697 daAuts
     D:1: 1270 daAuts
     D:4: 1180 daAuts
     D:2: 1055 daAuts
    D:10: 1043 daAuts
 Ossuary: 746 daAuts
    D:13: 57 daAuts
